 Dungeon Crawl Stone Soup version 0.30-a0-629-gd54f4be4f7 (webtiles) character file.

Game seed: 450311888178096142

191 Mitcholas the Shooter (level 5, -9/31 HPs)
             Began as a Deep Elf Hunter on Jan 12, 2023.
             Killed from afar by an orc wizard (10 damage)
             ... with a puff of flame
             ... on level 3 of the Dungeon.
             The game lasted 00:03:38 (1492 turns).

Mitcholas the Shooter (Deep Elf Hunter)             Turns: 1492, Time: 00:03:38

Health: -9/31      AC:  6    Str:  8    XL:     5   Next: 42%
Magic:  7/7        EV: 14    Int: 14    God:
Gold:   87         SH:  0    Dex: 20    Spells: 4/4 levels left

rFire   . . .      SeeInvis .    a - +0 shortbow
rCold   . . .      Faith    .    (shield currently unavailable)
rNeg    . . .      Spirit   .    j - +1 robe of Modesty {rCorr}
rPois   .          Reflect  .    (no helmet)
rElec   .          Harm     .    k - +2 cloak {rCorr}
rCorr   +          Rampage  .    (no gloves)
Will    .....                    (no boots)
Stlth   +++                      (no amulet)
HPRegen 0.25/turn                (no ring)
MPRegen 0.10/turn                (no ring)

@: no status effects
A: no striking features
a: no special abilities


You were on level 3 of the Dungeon.
You visited 1 branch of the dungeon, and saw 3 of its levels.

You collected 87 gold pieces.

Inventory:

Hand Weapons
 a - a +0 shortbow (weapon)
Missiles
 g - 2 curare-tipped darts
Armour
 j - the +1 robe of Modesty (worn) {rCorr}
   (You found it on level 2 of the Dungeon)

   rCorr:     It protects you from acid and corrosion.
 k - a +2 cloak of preservation (worn)
Scrolls
 b - a scroll of immolation
 c - 2 scrolls of noise {unknown}
 d - 2 scrolls of identify {unknown}
 f - a scroll of acquirement {unknown}
 l - a scroll of fog {unknown}
Potions
 e - 2 potions of degeneration {unknown}
 h - a potion of might {unknown}
 i - a potion of attraction {unknown}


   Skills:
 + Level 2.3 Fighting
 * Level 6.7 Ranged Weapons
 + Level 1.5 Armour
 + Level 3.5 Dodging
 + Level 2.9 Stealth


You had 4 spell levels left.
You didn't know any spells.
Your spell library was empty.

Dungeon Overview and Level Annotations

Branches:
Dungeon (3/15)

Altars:


Message History

You shoot an arrow. Something hits you. Something barely misses you.
You shoot an arrow. The arrow closely misses the rat.
Something barely misses you.
You hear some strange, mumbled words.
A puff of flame appears from out of thin air!
The puff of flame hits you.
You shoot an arrow. Something barely misses you.
You shoot an arrow. The arrow closely misses the rat.
Something hits you but does no damage.
You hear some strange, mumbled words.
A magic dart appears from out of thin air!
The magic dart hits you!
You shoot an arrow.
The arrow hits the rat but does no damage.
Something hits you but does no damage.
You shoot an arrow.
Something hits you but does no damage. x2
You shoot an arrow. The arrow hits the rat!
You kill the rat!
You hear some strange, mumbled words.
Something tries to affect you, but you resist.
You shoot an arrow. Something hits you.
You hear some strange, mumbled words.
A magic dart appears from out of thin air!
The magic dart hits you.
You shoot an arrow. Something hits you but does no damage. Something hits you.
You shoot an arrow.
You hear some strange, mumbled words.
A puff of flame appears from out of thin air!
The puff of flame hits you!
* * * LOW HITPOINT WARNING * * *
You shoot an arrow. Something barely misses you.
You shoot an arrow.
You hear some strange, mumbled words.
A puff of flame appears from out of thin air!
The puff of flame hits you.
* * * LOW HITPOINT WARNING * * *
You hear some strange, mumbled words.
A puff of flame appears from out of thin air!
The puff of flame hits you!
You die...

#.........#
#.#########
#.# #.# #.#
#.# #.# #.#
#@# #{# #)#
... .....
.......
........#
.........#
.(........#


There were no monsters in sight!

Vanquished Creatures
  Crazy Yiuf (D:2)
  A hound (D:2)
  An orc wizard (D:3)
  6 adders (D:2)
  A worm (D:2)
  2 dart slugs
  2 orcs (D:3)
  5 ball pythons
  A giant cockroach (D:1)
  5 goblins
  3 hobgoblins
  2 quokkas (D:1)
  5 bats
  5 frilled lizards
  6 kobolds
  4 rats
50 creatures vanquished.

Notes
Turn   | Place    | Note
-------+----------+-------------------------------------------
     0 | D:1      | Mitcholas the Deep Elf Hunter began the quest for the Orb.
     0 | D:1      | Reached XP level 1. HP: 12/12 MP: 3/3
   126 | D:1      | Reached XP level 2. HP: 17/17 MP: 4/4
   646 | D:2      | Identified the +1 robe of Modesty {rCorr}
   670 | D:2      | Reached XP level 3. HP: 15/21 MP: 5/5
   757 | D:2      | Reached skill level 6 in Ranged Weapons
   801 | D:2      | Reached skill level 1 in Armour
   801 | D:2      | Reached XP level 4. HP: 25/26 MP: 6/6
  1215 | D:2      | Found a runed translucent door.
  1216 | D:2      | Noticed Crazy Yiuf
  1302 | D:2      | Killed Crazy Yiuf
  1303 | D:2      | Reached XP level 5. HP: 21/30 MP: 7/7
  1492 | D:3      | HP: 1/31 [something/puff of flame (5)]
  1492 | D:3      | Killed from afar by an orc wizard

Illustrated notes

Levels and vault maps discovered:
D:1:      saegor_arrival_simple_e, layout_rooms, minmay_bisected
D:2:      layout_rooms, minmay_pentomino_u2, uniq_crazy_yiuf_cottage
D:3:      layout_basic

Skill      XL: |  1  2  3 |
---------------+----------+-----
Stealth        | 2 |  2.9
Ranged Weapons | 6 |  6.7
Dodging        | 3 |  3.5
Fighting       | 2 |  2.3
Armour         | 1 |  1.5

Action                   |  1- 3 |  4- 6 || total
-------------------------+-------+-------++-------
 Fire: Shortbow          |    84 |    75 ||   159
Throw: Dart              |       |     7 ||     7
Armor: Leather armour    |    10 |       ||    10
       Robe              |     2 |    11 ||    13
Dodge: Dodged            |    24 |    32 ||    56

Table legend: (Time is in decaauts)
 A = Elapsed time spent in this place.
 B = Non-inter-level travel time spent in this place.
 C = Inter-level travel time spent in this place.
 D = Time resting spent in this place.
 E = Time spent auto-exploring this place.
 F = Levels seen in this place.
 G = Mean time per level.
                   A        B        C        D        E       F      G
               +--------+--------+--------+--------+--------+-----+--------+
         Total |   1527 |   1438 |     89 |     35 |   1073 |   3 |  509.0 |
       Dungeon |   1527 |   1438 |     89 |     35 |   1073 |   3 |  509.0 |
               +--------+--------+--------+--------+--------+-----+--------+

Top non-repeatable levels by time:
     D:2: 815 daAuts
     D:1: 577 daAuts
     D:3: 133 daAuts
